 Dungeon Crawl Stone Soup version 0.28-a0-1613-gdaab1c2f9b (webtiles) character file.

Game seed: 11450686412203868806

106 GordonOverkill the Caller (level 4, -2/38 HPs)
             Began as a Barachi Summoner on Jan 17, 2022.
             Slain by a gnoll (6 damage)
             ... on level 2 of the Dungeon on Jan 21, 2022.
             The game lasted 00:07:52 (2664 turns).

GordonOverkill the Caller (Barachi Summoner)        Turns: 2664, Time: 00:07:52

Health: -2/38      AC:  8    Str: 11    XL:     4   Next: 84%
Magic:  7/7        EV:  5    Int: 16    God:
Gold:   132        SH:  0    Dex: 12    Spells: 6/7 levels left

rFire   . . .      SeeInvis .   h - +0 spear
rCold   . . .      Faith    .   (no shield)
rNeg    . . .      Spirit   .   m - +0 chain mail
rPois   .          Reflect  .   (no helmet)
rElec   .          Harm     .   (no cloak)
rCorr   .          Rampage  .   (no gloves)
Will    .....                   (no boots)
Stlth   ..........              (no amulet)
HPRegen 0.12/turn               (no ring)
MPRegen 0.10/turn               (no ring)

@: brilliant, unable to hop, invisible (expiring), slow
A: amphibious, slowness 1, strong legs 1, +LOS
a: Hop


You were on level 2 of the Dungeon.
You visited 1 branch of the dungeon, and saw 3 of its levels.

You collected 132 gold pieces.

Inventory:

Hand Weapons
 d - a +0 short sword
 h - a +0 spear (weapon)
 i - a +0 hand axe
 l - a +0 flail
 n - a +0 dagger of freezing
Armour
 a - a +0 robe
 m - a +0 chain mail (worn)
Jewellery
 c - a ring of resist corrosion
Scrolls
 e - 2 scrolls of teleportation {unknown}
 f - a scroll of blinking {unknown}
 j - a scroll of amnesia {unknown}
 o - a scroll of identify {unknown}
Potions
 p - a potion of might {unknown}
 q - a potion of flight {unknown}


   Skills:
 + Level 4.4 Fighting
 + Level 1.9 Axes
 - Level 2.1 Dodging
 - Level 1.8 Stealth
 - Level 2.2 Spellcasting
 - Level 4.8 Summonings


You had 6 spell levels left.
You knew the following spells:

 Your Spells              Type           Power      Damage    Failure   Level
a - Summon Small Mammal   Summ           100%       N/A       86%         1

Your spell library contained the following spells:

 Spells                   Type           Power      Damage    Failure   Level
 Call Imp                 Summ           26%        N/A       95%         2
 Call Canine Familiar     Summ           26%        N/A       99%         3
 Summon Guardian Golem    Hex/Summ       14%        N/A       100%        3
 Summon Lightning Spire   Summ/Air       14%        N/A       100%        4


Dungeon Overview and Level Annotations

Branches:
Dungeon (3/15)

Altars:
Vehumet

Shops:
D:1 (


Innate Abilities, Weirdness & Mutations

You are amphibious.
You cover ground slowly.
You can hop short distances.
You have an extended range of vision and can be seen from far away.


Message History

The gnoll hits you with a +0 club.
* * * LOW HITPOINT WARNING * * *
You closely miss the gnoll.
The gnoll is almost dead.
The gnoll hits you with a +0 club.
* * * LOW HITPOINT WARNING * * *
It was a potion of invisibility.
You fade into invisibility!
The gnoll hits you with a +0 club.
* * * LOW HITPOINT WARNING * * *
The gnoll barely misses you.
It was a potion of brilliance.
You feel clever all of a sudden. The gnoll barely misses you.
It was a potion of heal wounds.
You feel much better.
You hit the gnoll.
You kill the gnoll!
The gnoll hits you with a +0 flail.
* * * LOW HITPOINT WARNING * * *
You hit the gnoll.
The gnoll is lightly wounded.
The gnoll hits you with a +0 flail!
* * * LOW HITPOINT WARNING * * *
You barely miss the gnoll.
The gnoll is lightly wounded.
The gnoll hits you with a +0 flail.
* * * LOW HITPOINT WARNING * * *
You hit the gnoll.
The gnoll is heavily wounded.
The gnoll closely misses you.
You catch the helpless gnoll completely off-guard!
You hit the gnoll.
The gnoll is severely wounded.
You flicker for a moment.
The gnoll hits you with a +0 flail.
* * * LOW HITPOINT WARNING * * *
You closely miss the gnoll.
The gnoll is severely wounded.
The gnoll hits you with a +0 flail.
You die...

##................#...# #..
#........##.......##..# #.. #
#.......†.....###.##..# ##..
.####........###....#.##..####..#
.............# #.†..#.##.###...##
....####....## ##............####
###.###.....# ##....###...### #
#.........####)..<.......)### #
###...#......g@.#.......#...###
##)###....####.##..#..####..#
##..###......##........# ##.##
.##..........#.#####....## #...
..)........#.#... #....######...
#.?........#.# ## #........#....
####.......... # #....###.#....
#########.. #.##...## ...... ##..
#.#.....# ###....


You could see a gnoll.

Vanquished Creatures
  3 gnolls (D:2)
  3 adders
  3 dart slugs
  An orc (D:3)
  2 bats
  2 endoplasms
  2 giant cockroaches
  5 goblins
  A hobgoblin (D:2)
  2 jackals (D:3)
  A kobold (D:2)
  3 rats
28 creatures vanquished.

Vanquished Creatures (collateral kills)
  A ball python (D:1)
  An endoplasm (D:1)
  A goblin (D:1)
  2 hobgoblins
  3 bats (D:1)
  3 frilled lizards (D:1)
  4 kobolds
  A rat (D:1)
16 creatures vanquished.

Grand Total: 44 creatures vanquished

Notes
Turn   | Place    | Note
-------+----------+-------------------------------------------
     0 | D:1      | GordonOverkill the Barachi Summoner began the quest for the
                  | Orb.
     0 | D:1      | Reached XP level 1. HP: 13/13 MP: 3/3
    36 | D:1      | Upgraded the game from 0.28-a0-1518-gbe868bca14 to
                  | 0.28-a0-1545-g945cd3f27e
    36 | D:1      | Upgraded the game from 0.28-a0-1545-g945cd3f27e to
                  | 0.28-a0-1613-gdaab1c2f9b
   281 | D:1      | Reached skill level 1 in Fighting
   315 | D:1      | Found a faded altar of an unknown god.
   326 | D:1      | Reached XP level 2. HP: 21/22 MP: 1/5
   629 | D:1      | Found Wikhlaqesk's Weapon Shoppe.
  1365 | D:1      | Reached XP level 3. HP: 28/28 MP: 3/6
  1875 | D:2      | You fall into a shaft and drop 1 floor!
  2001 | D:3      | Reached XP level 4. HP: 34/37 MP: 7/7
  2150 | D:3      | Reached skill level 1 in Axes
  2334 | D:3      | Found a radiant altar of Vehumet.
  2664 | D:2      | Slain by a gnoll

Illustrated notes

Levels and vault maps discovered:
D:1:      wander_arrival_abandoned_jail, layout_basic,
          ebering_ecumenical_altar_rust, serial_shops,
          nicolae_shop_bloodbath_and_beyond, serial_forest,
          infiniplex_forest_end_1, infiniplex_forest_pool,
          infiniplex_forest_lined_3_way, infiniplex_forest_lined_room_3,
          minmay_pentomino_s2
D:2:      layout_rooms, ebering_dispersal_statue_hall, st_stairs_3,
          serial_bayou_pond_e
D:3:      layout_basic, nicolae_vehumet_radiance, serial_rivers,
          chequers_serial_rivers_micro_a, chequers_serial_rivers_large_a,
          chequers_serial_rivers_room_a, chequers_serial_rivers_room_b,
          chequers_serial_rivers_micro_b, chequers_serial_rivers_micro_c

Skill      XL: |  1  2  3  4 |
---------------+-------------+-----
Fighting       | 1 2 3 4 |  4.4
Axes           | 1 |  1.9
Dodging        | |  2.1
Stealth        | |  1.8
Spellcasting   | |  2.2
Summonings     | |  4.8

Action                   |  1- 3 |  4- 6 || total
-------------------------+-------+-------++-------
Melee: Unarmed           |    13 |       ||    13
       Short sword       |     6 |       ||     6
       Spear             |    48 |    99 ||   147
       Punch             |     2 |     1 ||     3
 Cast: Summon Small Mamm |    35 |       ||    35
 Abil: Hop               |       |     1 ||     1
  Use: Potion            |       |     3 ||     3
 Stab: Invisible         |       |     1 ||     1
Armor: Robe              |    10 |       ||    10
       Chain mail        |     1 |    67 ||    68
Dodge: Dodged            |    38 |    25 ||    63

Table legend: (Time is in decaauts)
 A = Elapsed time spent in this place.
 B = Non-inter-level travel time spent in this place.
 C = Inter-level travel time spent in this place.
 D = Time resting spent in this place.
 E = Time spent auto-exploring this place.
 F = Levels seen in this place.
 G = Mean time per level.
                   A        B        C        D        E       F      G
               +--------+--------+--------+--------+--------+-----+--------+
         Total |   2927 |   2788 |    139 |    516 |   1666 |   3 |  975.7 |
       Dungeon |   2927 |   2788 |    139 |    516 |   1666 |   3 |  975.7 |
               +--------+--------+--------+--------+--------+-----+--------+

Top non-repeatable levels by time:
     D:1: 1857 daAuts
     D:3: 621 daAuts
     D:2: 448 daAuts
